[Event "MCR rapid mládeže 2023 U16"]
[Site "Harachov, Czech Republic"]
[Date "2023.09.09"]
[Round "2.20"]
[White "Rudlof, Adam"]
[Black "Frantsev, Iegor"]
[Result "0-1"]
[TimeControl "20min+5s/move"]
[WhiteElo "1436"]
[BlackElo "1431"]

1. e4 d5 2. exd5 Qxd5 3. Nc3 Qd8 4. d4 Nf6 5. Nf3 g6 6. Bc4 Bg7 7. O-O O-O 8. h3 Nc6 9. Bf4 Nh5 10.
Be3 e6 11. Re1 a6 12. a4 b6 13. Bg5 Qd7 14. d5 exd5 15. Qxd5 Nf6 16. Qxd7 Bxd7 17. Bxf6 Bxf6 18. Nd5 Bd8 19. Rad1 Na5 20. Bb3 Nxb3 21.
cxb3 Be6 22. Ne5 Bxd5 23. Rxd5 Re8 24. Kf1 Bf6 25. Nd3 Red8 26. Rxd8+ Rxd8 27. Re3 c5 28. Ke2 Kg7 29. a5 bxa5 30. Nxc5 Bd4 31. Nb7 Rb8 32. Rd3 Rxb7 33. Rxd4 Rxb3 34. Rd2 a4 35. Kd1 a3 36.
bxa3 Rxa3 37. Kc1 Rb3 38. Kc2 Rb7 39. Rd6 Ra7 40. Kb3 a5 41. Ka4 f5 42. g4 fxg4 43. hxg4 Rf7 44. Kxa5 Rxf2 45.
Rd4 Rb2 46. Ka4 Kh6 47. Ka3 Rb6 48. Rc4 Rb5 49. Ka4 Rb1 50. Rf4 Kg5 51. Rc4 Rg1 52. Kb3 Rxg4 53. Rc5+ Kh4 54. Kc3 Re4 55. Kd3 Re8 56. Rc4+ Kg3 57. Rc5 Kf4 58. Rc4+ Kf5 59. Rc5+ Re5 60. Rc1 h5 61. Rf1+ Kg5 62. Rg1+ Kh6 63.
Kd4 Re2 64. Kd3 Re7 65. Kd4 g5 66.
Rg3 h4 67. Rg1 Kh5 68. Ra1 h3 69. Ra2 g4 70. Ra5+ Kh4 71. Ra8 h2 72. Kd3 Kg3 73. Rh8 Kg2 74. Rg8 g3 75. Ra8 h1=Q 76.
Ra2+ Kh3 77. Ra8 Qxa8 0-1

[Event "MCR rapid mládeže 2023 U16"]
[Site "Harachov, Czech Republic"]
[Date "2023.09.09"]
[Round "2.21"]
[White "Chernyy, Andrey"]
[Black "Hokr, Matyas"]
[Result "1-0"]
[TimeControl "20min+5s/move"]
[WhiteElo "1582"]
[BlackElo "1226"]

1. e4 e6 2. d4 d5 3. Nd2 dxe4 4. Nxe4 Nf6 5. Nxf6+ Qxf6 6. Nf3 Bd6 7. Bd3 h6 8. Be3 Nd7 9.
c3 O-O 10. h3 Re8 11. g4 Bf4 12. Qe2 Bxe3 13. Qxe3 e5 14. O-O-O b6 15. Qe4 Rb8 16. Qh7+ Kf8 17. Nxe5 Nxe5 18.
dxe5 Rxe5 19. Bf5 Qg5+ 20. Rd2 Re8 21. h4 Qf6 22. Bxc8 Rbxc8 23. Qh8+ Ke7 24. Re1+ Qe6 25. Rxe6+ Kxe6 26.
Qxg7 Rg8 27. Re2+ Kd6 28. Qf6+ Kc5 29. Re5+ Kc4 30. Qf4+ Kd3 31. Re3# 1-0

[Event "MCR rapid mládeže 2023 U16"]
[Site "Harachov, Czech Republic"]
[Date "2023.09.09"]
[Round "2.22"]
[White "Kovac, Pavel"]
[Black "Bara, Jan"]
[Result "0-1"]
[TimeControl "20min+5s/move"]
[WhiteElo "1254"]
[BlackElo "1823"]

1. e4 c5 2. Nc3 d6 3. Bb5+ Bd7 4. Bxd7+ Qxd7 5. f4 g6 6.
Nf3 Bg7 7. d3 Nc6 8. Be3 Nf6 9.
O-O O-O 10. Qd2 Ng4 11. h3 Nxe3 12. Qxe3 Nd4 13. Qd2 b5 14. Nxd4 Bxd4+ 15. Kh1 b4 16.
Ne2 Bxb2 17. Rab1 Bg7 18. Ng3 Qa4 19. f5 Qxa2 20. h4 h6 21.
Ne2 Rab8 22. d4 b3 23. Rbc1 b2 24.
Rb1 cxd4 25. Nxd4 Qc4 26. Nf3 Rfc8 27. Qd3 Qxc2 28. Ra1 0-1

[Event "MCR rapid mládeže 2023 U16"]
[Site "Harachov, Czech Republic"]
[Date "2023.09.09"]
[Round "2.23"]
[White "Vancakova, Veronika"]
[Black "Strazhnyk, Viktoriia"]
[Result "1-0"]
[TimeControl "20min+5s/move"]
[WhiteElo "1433"]
[BlackElo "1392"]

1. d4 Nf6 2. c4 g6 3. Nc3 Bg7 4. e4 d6 5. Nf3 Bg4 6. Be2 O-O 7. O-O Nbd7 8. h3 Bxf3 9. Bxf3 e5 10. d5 c6 11. dxc6 bxc6 12. Qxd6 Rc8 13. Bg5 h6 14.
Bh4 g5 15. Bg3 Ne8 16. Qd2 Nc5 17. Rfd1 Qxd2 18. Rxd2 Nc7 19. Rad1 N7e6 20. Bg4 Rc7 21. b4 Na6 22. Bxe6 fxe6 23.
a3 h5 24. f3 h4 25. Bf2 Rff7 26. Be3 Bf6 27. Rd6 c5 28. Nb5 Rc8 29. Rxa6 cxb4 30. Nd6 Rd7 31. Rxa7 Rxa7 32. Bxa7 Ra8 33.
Nb5 bxa3 34. Ra1 Be7 35. Kh2 Kf8 36. c5 Rc8 37. Nd6 Bxd6 38. cxd6 Rd8 39. Bc5 Ke8 40. Rxa3 Kd7 41. Rd3 Kc6 42.
Be3 Rxd6 43. Rxd6+ Kxd6 44. Bxg5 Kd7 45. Bxh4 Ke8 46. Bf6 Kf7 47. Bxe5 1-0

[Event "MCR rapid mládeže 2023 U16"]
[Site "Harachov, Czech Republic"]
[Date "2023.09.09"]
[Round "2.24"]
[White "Janouskova, Eliska"]
[Black "Lackova, Lucie"]
[Result "1/2-1/2"]
[TimeControl "20min+5s/move"]
[WhiteElo "1333"]
[BlackElo "1544"]

1. e4 c6 2. Nf3 d5 3. Nc3 dxe4 4. Nxe4 Bf5 5. Ng3 Bg6 6. h4 h6 7. Ne5 Qd6 8. d4 Nd7 9. Nxg6 Qxg6 10.
Bd3 Qd6 11. Be3 Ngf6 12. c4 Qc7 13. Qe2 e6 14. Bd2 Be7 15. Bc3 Nb6 16. Qc2 c5 17. dxc5 Qxc5 18. b3 Qc6 19. Ne4 Nbd7 20.
O-O-O Qc7 21. f3 a5 22. a4 Rc8 23. Rhe1 b5 24. axb5 Ra8 25. Qa2 Qa7 26. Bc2 O-O 27. Re2 Rfb8 28.
Red2 Rd8 29. g3 Rab8 30. Nxf6+ Bxf6 31. Bxa5 Be7 32. Kb2 Bf6+ 33. Kb1 Ra8 34. Be4 Qxa5 35. Qxa5 Rxa5 36. Rxd7 Rxd7 37. Rxd7 Ra1+ 38.
Kc2 1/2-1/2

[Event "MCR rapid mládeže 2023 U16"]
[Site "Harachov, Czech Republic"]
[Date "2023.09.09"]
[Round "2.25"]
[White "Kratka, Tereza"]
[Black "Barteckova, Nikol"]
[Result "1-0"]
[TimeControl "20min+5s/move"]
[WhiteElo "1147"]
[BlackElo "1246"]

1. c4 e5 2. Nc3 Nc6 3. Nf3 d6 4. g3 f5 5. e3 g6 6. Bg2 Bg7 7. d3 Nge7 8. Qd2 Rb8 9. b3 b6 10.
Bb2 Bb7 11. Ng5 Qd7 12. Nd5 Nxd5 13. Bxd5 Nd8 14. Bxb7 Rxb7 15. O-O h6 16. Nf3 Nc6 17. Rfe1 g5 18. Kg2 O-O 19. h4 g4 20.
Nh2 Qf7 21. a3 h5 22. Bc1 Bh6 23. Ra2 Ne7 24. b4 Ng6 25. f3 gxf3+ 26. Nxf3 f4 27. exf4 exf4 28. Rf1 Ne5 29. Nxe5 dxe5 30.
Rf3 Kh7 31. b5 Qg7 32. a4 Rf6 33. Qe2 Re6 34. Qe4+ Rg6 35. Qxb7 Rxg3+ 36. Rxg3 Qxg3+ 37. Kf1 Qxd3+ 38. Re2 Qh3+ 39.
Qg2 Qe6 40. Qe4+ Kg8 41. Rg2+ Kf8 42. Ba3+ Ke8 43. Qc6+ Qd7 44. Rg8+ Bf8 45. Rxf8# 1-0

[Event "MCR rapid mládeže 2023 U16"]
[Site "Harachov, Czech Republic"]
[Date "2023.09.09"]
[Round "2.26"]
[White "Nova, Anezka"]
[Black "Katasonova, Olga"]
[Result "1-0"]
[TimeControl "20min+5s/move"]
[WhiteElo "1382"]
[BlackElo "1176"]

1. e4 e5 2. Nf3 Nf6 3. Nxe5 d6 4.
Nxf7 Kxf7 5. d4 c6 6. Nc3 Be7 7. Bc4+ Be6 8. d5 cxd5 9. Nxd5 Nxe4 10. Qf3+ Nf6 11. Nxf6 Bxf6 12. Qxb7+ Nd7 13.
Bxe6+ Kxe6 14. O-O Kf7 15. Qd5+ Kf8 16. Qxd6+ Qe7 17. Qc6 Kf7 18. Bf4 Rhc8 19. Qb5 Kf8 20. Rad1 Ne5 21. Rd5 Nf7 22.
Rd7 Qe6 23. Rfd1 Rxc2 24. Qb7 Rcc8 25. Qb4+ Be7 26. Qd4 Rd8 27. Be3 Bd6 28. Rxd8+ Rxd8 29. Qa4 Rd7 30. Bxa7 Qe7 31. Be3 Rd8 32. Qb3 Qh4 33. g3 Qg4 34.
Re1 Ng5 35. Bxg5 Qxg5 36. Qf3+ Kg8 37. b3 Qa5 38. Qe2 Bb4 39. Qc4+ Kf8 40. Rc1 Re8 41. Kg2 Be7 42. Qf4+ Bf6 43.
a4 Rb8 44. Qxb8+ Kf7 45. Rc7+ Kg6 46. Qe8+ Kf5 47. Rc4 Qd5+ 48. Kf1 Qd1+ 49. Qe1 Qd3+ 50. Kg1 Qxb3 51. Rc5+ Kg6 52. Qe4+ Kf7 53.
Qc4+ Qxc4 54. Rxc4 Ke6 55. Kf1 Kd5 56. Rc2 h6 57. Ke2 Kd4 58. a5 Kd5 59. a6 Bd4 60. Rd2 Ke5 61. Rxd4 Kxd4 62.
a7 1-0

[Event "MCR rapid mládeže 2023 U16"]
[Site "Harachov, Czech Republic"]
[Date "2023.09.09"]
[Round "2.27"]
[White "Hujova, Tess"]
[Black "Kusova, Nikola"]
[Result "1-0"]
[TimeControl "20min+5s/move"]
[WhiteElo "1104"]
[BlackElo "1247"]

1. b4 d5 2. Bb2 Nf6 3. Nf3 Bf5 4. e3 e6 5. a3 Nbd7 6. c4 dxc4 7. Bxc4 Nb6 8. Bb3 Bd3 9. Bc2 Nc4 10.
Bd4 Bg6 11. Bxg6 hxg6 12. Qc2 Nd6 13. d3 Nf5 14. Bb2 Be7 15. e4 Nh4 16. Nxh4 Rxh4 17. Nd2 Qd7 18. Nf3 Rh5 19. Ne5 Qd6 20. Nc4 Qd7 21. h3 O-O-O 22. Rd1 Kb8 23. O-O Rg5 24. f4 Rh5 25.
Ne5 Qe8 26. Rc1 c6 27. Qc3 Ka8 28. Rc2 Bd6 29. Rfc1 Bxe5 30. fxe5 Nd7 31. Rf1 Nxe5 32. d4 Nd7 33. Rcf2 f6 34.
Kh2 Nb6 35. g4 Rh4 36. Qg3 Rh8 37. Qc7 Qd7 38. Qg3 Na4 39. Ba1 Qd6 40. Qxd6 Rxd6 41. e5 fxe5 42. Rf8+ Rd8 43. Rxh8 Rxh8 44. dxe5 Rd8 45. Kg1 a6 46. h4 Nb6 47. h5 gxh5 48.
gxh5 Ka7 49. Kh2 Rd2+ 50. Kg3 Nd5 51. Rf3 Rd1 52. Bb2 Rd2 53. Bc1 Rc2 54. Bg5 Ra2 55. Bd8 Nb6 56. Kf4 Nd5+ 57. Ke4 Re2+ 58. Kd3 Ra2 59.
Kc4 Rc2+ 60. Kb3 Re2 61. Rg3 Re3+ 62. Rxe3 Nxe3 63. Be7 Ng4 64. Bd6 b6 65. Kc4 Ne3+ 66. Kd4 Nc2+ 67. Kc3 Nxa3 68. Kd3 Nb5 69. Ke4 Kb7 70.
Bf8 Nc3+ 71. Kd4 Nb5+ 72. Ke4 a5 73. bxa5 bxa5 74. Bxg7 Nc3+ 75. Kd4 Nb5+ 76. Kc4 Nc7 77. h6 Na8 78.
h7 Nb6+ 79. Kb3 a4+ 80. Ka3 Nc4+ 81. Kxa4 Nb6+ 82. Kb4 Nd5+ 83. Kb3 1-0

[Event "MCR rapid mládeže 2023 U16"]
[Site "Harachov, Czech Republic"]
[Date "2023.09.09"]
[Round "2.28"]
[White "Stepankova, Linda"]
[Black "Trcalkova, Ema"]
[Result "1-0"]
[TimeControl "20min+5s/move"]
[WhiteElo "1124"]
[BlackElo "1306"]

1. e4 e5 2. Nf3 Nc6 3. Bb5 d6 4. d4 Bd7 5. O-O Nf6 6. Bxc6 Bxc6 7. dxe5 dxe5 8. Qxd8+ Rxd8 9. Nxe5 Bxe4 10.
Bg5 Bxc2 11. Bxf6 gxf6 12. Ng4 Bg7 13. Re1+ Kd7 14. Nc3 Kc8 15. h3 Rd2 16. Re7 f5 17. Ne5 Bxe5 18. Rxe5 Rg8 19.
b3 f4 20. Rae1 Rdd8 21. h4 f3 22.
g3 b6 23. R1e3 Rd2 24. Rxf3 Bd1 25. Nxd1 Rxd1+ 26. Kg2 Rg7 27. a4 Rd7 28. Re8+ Kb7 29. Ree3 a5 30. Kh3 c6 31. Kg2 Ka6 32. Kh3 b5 33.
axb5+ cxb5 34. g4 Rd4 35. g5 a4 36. bxa4 bxa4 37. Rg3 Rf4 38. Rgf3 Rxf3+ 39. Rxf3 Kb5 40. Kg4 Kb4 41. h5 a3 42.
Re3 a2 43. Re1 f6 44. f4 h6 45. g6 Kb3 46. Re3+ Kc4 47. Re4+ Kd5 48. Ra4 Ke6 49. f5+ Ke5 50. Rxa2 Rg8 51.
Ra5+ Kd6 52. Ra6+ Ke7 53. Re6+ Kf8 54. Rxf6+ Kg7 55. Rd6 Rf8 56. f6+ Rxf6 57. Rxf6 Kxf6 58. Kf4 Ke6 59. Ke4 Kf6 60. Kd5 Kg5 61.
g7 Kxh5 62. g8=Q Kh4 63. Ke4 Kh3 64. Kf3 h5 65. Qg3 1-0

[Event "MCR rapid mládeže 2023 U16"]
[Site "Harachov, Czech Republic"]
[Date "2023.09.09"]
[Round "2.30"]
[White "Fadrny, Jachym"]
[Black "Moravec, Rene"]
[Result "1-0"]
[TimeControl "20min+5s/move"]
[WhiteElo "1347"]
[BlackElo "1165"]

1. e4 c5 2. Nf3 Nc6 3. d4 cxd4 4. Nxd4 g6 5. Nc3 Bg7 6. Be3 d6 7. Bc4 Nf6 8. f3 O-O 9. O-O Ne5 10.
Bb3 Nc6 11. Nxc6 bxc6 12. Qe2 a5 13. Rfd1 Nd7 14. Qf2 c5 15. Ba4 Rb8 16. Rab1 Qc7 17. Nd5 Qd8 18. c4 Ne5 19. Bb5 Bd7 20.
Nc3 Bxb5 21. cxb5 Nd7 22. Qd2 Qc7 23. Nd5 Qd8 24. a4 Bd4 25. Bxd4 cxd4 26. Qxd4 Ne5 27. f4 Nd7 28. Rbc1 e6 29.
Nc7 Nc5 30. Qxd6 Qxd6 31. Rxd6 Nxe4 32. Rdc6 Rbc8 33. Na6 Rxc6 34. Rxc6 Rd8 35. h3 Rd1+ 36. Kh2 Rd8 37. b6 Nd6 38. Rc7 Ra8 39. Ra7 Rc8 40. b7 Nxb7 41.
Rxb7 Rc6 42. Nb8 Rd6 43. Nd7 Rd4 44. Kg3 Rxa4 45. Ne5 Rb4 46. Rxb4 axb4 47. Nd3 Kf8 48. Nxb4 Ke7 49. Kf3 f6 50. Nd3 Kd6 51. b4 Kc6 52. g4 Kb5 53. g5 fxg5 54. fxg5 e5 55.
Ke4 Kc4 56. h4 Kb5 57. Kxe5 Kc4 58. b5 Kxb5 59. Nf4 Kc6 60. Kf6 Kd7 61. Kg7 Ke7 62.
Kxh7 Kf7 63. Nxg6 Ke6 64. Kg7 Kf5 65. h5 Kxg5 66. h6 Kh5 67. h7 Kg5 68. h8=Q Kf5 69. Qf8+ Kg5 70. Qf6+ Kg4 71.
Qf4+ Kh3 72. Kf6 Kg2 73. Ke5 Kh3 74. Qg5 Kh2 75. Nf4 Kh1 76. Qg2# 1-0

[Event "MCR rapid mládeže 2023 U16"]
[Site "Harachov, Czech Republic"]
[Date "2023.09.09"]
[Round "2.31"]
[White "Hradek, Martin"]
[Black "Gernert , Tomas"]
[Result "0-1"]
[TimeControl "20min+5s/move"]
[WhiteElo "1560"]
[BlackElo "1236"]

1. e4 c5 2. Nf3 Nc6 3. d4 cxd4 4. Nxd4 g6 5. Bc4 Bg7 6. Nxc6 bxc6 7. Nc3 Nf6 8. O-O Bb7 9. e5 Ng8 10.
Re1 Nh6 11. Bxh6 Bxh6 12. Qf3 O-O 13. Rad1 d5 14. h3 Qb6 15. Bb3 d4 16. Na4 Qc7 17. Qg4 c5 18. a3 Qc6 19. f3 Be3+ 20.
Kh1 c4 21. Ba2 Qxa4 22. e6 f5 23. Qh4 Qxc2 24. Qxe7 Ba6 25. Qd7 d3 26. e7 Rf7 27. e8=Q+ Rxe8 28. Qxe8+ Kg7 29. Qxe3 Qxb2 30.
Qe5+ Qxe5 31. Rxe5 Rc7 32. Ra5 c3 33. Rxa6 c2 34. Bb3 cxd1=Q+ 35. Bxd1 Rc1 36. Rxa7+ Kf6 37. Rd7 Rxd1+ 38. Kh2 d2 39.
a4 Ra1 40. Rxd2 Rxa4 41. Kg3 g5 42. Rd7 h5 43. Rh7 h4+ 44. Kf2 Ra2+ 45. Kg1 Ke5 46. Rh5 Kf4 47. Rh6 Kg3 48. Kf1 Rxg2 49.
Rf6 Rf2+ 50. Ke1 Rxf3 51. Rg6 g4 52. hxg4 fxg4 53. Rc6 h3 54. Rc2 h2 0-1

[Event "MCR rapid mládeže 2023 U16"]
[Site "Harachov, Czech Republic"]
[Date "2023.09.09"]
[Round "2.32"]
[White "Vo, Daniel"]
[Black "Fadrny, Jonas"]
[Result "1-0"]
[TimeControl "20min+5s/move"]
[WhiteElo "1445"]
[BlackElo "1096"]

1. e4 e5 2. Nf3 Nc6 3. Bc4 Bc5 4. c3 Nf6 5. d4 exd4 6. cxd4 Bb4+ 7. Nc3 Bxc3+ 8. bxc3 d6 9. O-O Bg4 10. Re1 O-O 11. h3 Bh5 12.
Bg5 h6 13. Bxf6 Qxf6 14. Be2 Rfe8 15. Qc2 Bxf3 16. Bxf3 Re7 17. Rab1 Na5 18. Qa4 Nc6 19. Rxb7 Nd8 20. Rxa7 Rxa7 21.
Qxa7 c5 22. Qa5 Nb7 23. Qb5 cxd4 24. e5 dxe5 25. Bxb7 dxc3 26. Be4 g6 27. Qc4 Ra7 28. a4 Qa6 29. Qxc3 Qa5 30. Qxa5 Rxa5 31.
Bc6 f6 32. Rd1 Kf7 33. Bb5 Ke6 34. f3 g5 35. Rc1 Kd6 36. Rc6+ Ke7 37. Rc7+ Ke6 38. Rh7 1-0

[Event "MCR rapid mládeže 2023 U16"]
[Site "Harachov, Czech Republic"]
[Date "2023.09.09"]
[Round "2.33"]
[White "Zika, Miroslav"]
[Black "Vorlik, Jachym"]
[Result "0-1"]
[TimeControl "20min+5s/move"]
[WhiteElo "1199"]
[BlackElo "1210"]

1. c4 c5 2. Nf3 e6 3. Nc3 Nf6 4.
g3 d5 5.
cxd5 Nxd5 6. Bg2 Be7 7. O-O O-O 8. d3 Nc6 9. Nxd5 exd5 10. Qb3 b6 11. Ne1 Be6 12. Nc2 Bf6 13. Bf4 d4 14.
Qb5 Bd5 15. Bxd5 Qxd5 16. e4 Qd7 17. Na3 Qb7 18. Nc4 Be7 19. a3 g5 20. Bd2 Rab8 21. Rfb1 a6 22. Qb3 Qc7 23. Qd1 b5 24.
b3 bxc4 25. bxc4 Ne5 26. Qe2 Rb6 27. f4 gxf4 28. Bxf4 Bd6 29. Qh5 Ng6 30. e5 Rxb1+ 31. Rxb1 Bxe5 32. Bg5 Bg7 33. Rf1 Re8 34. Bf4 Nxf4 35. Rxf4 Re1+ 36. Kg2 Re3 37. Rg4 Rxd3 38.
Qg5 f6 39. Qd5+ Qf7 40. Qd8+ Qf8 41. Qd5+ Kh8 42. Rh4 Rd2+ 43. Kf3 d3 44. Qe4 f5 45. Qe3 Bc3 46. Qe1 Rc2 47. Qd1 Qd6 48.
Qb1 d2 49. Qb7 d1=Q+ 50. Ke3 Qe2# 0-1

[Event "MCR rapid mládeže 2023 U16"]
[Site "Harachov, Czech Republic"]
[Date "2023.09.09"]
[Round "2.34"]
[White "Trejbal, Jindrich"]
[Black "Dlouhy, Martin"]
[Result "1/2-1/2"]
[TimeControl "20min+5s/move"]
[WhiteElo "1088"]
[BlackElo "1193"]

1. e4 c5 2. Nf3 e6 3. d4 cxd4 4. Qxd4 Nc6 5. Qd1 d6 6. b3 Qf6 7. c3 Bd7 8. Bb2 Be7 9. Bc4 Qg6 10.
Qd3 Qxg2 11. Rg1 Qh3 12. Rxg7 Nf6 13. Rg3 Qh6 14. Nbd2 O-O-O 15. O-O-O Rhg8 16. Rdg1 Rxg3 17.
Rxg3 Rg8 18. Bb5 Rxg3 19. hxg3 Qh1+ 20. Kc2 Qg2 21. e5 dxe5 22. Bxc6 Bxc6 23. Nxe5 Be4 24. Nxe4 Qxe4 25. Qxe4 Nxe4 26.
Nxf7 Nxf2 27. Bc1 Ne4 28. g4 Kc7 29. Bf4+ Nd6 30. Nxd6 Bxd6 31. Bxd6+ Kxd6 32. Kd2 Ke5 33. Ke3 a6 34. a4 Kd6 35. Kd4 e5+ 36. Ke4 Ke6 37. g5 b6 38. b4 b5 39. a5 Kd6 40.
Ke3 1/2-1/2

[Event "MCR rapid mládeže 2023 U16"]
[Site "Harachov, Czech Republic"]
[Date "2023.09.09"]
[Round "2.35"]
[White "Zeman, Jonas"]
[Black "Berdnikov, Tsyren"]
[Result "1/2-1/2"]
[TimeControl "20min+5s/move"]
[WhiteElo "1130"]
[BlackElo "1027"]

1. e4 e5 2. Nc3 d6 3. Nf3 Be6 4. Be2 g6 5. d4 exd4 6. Nxd4 Bg7 7. Be3 Ne7 8. Qd2 O-O 9. O-O-O c5 10. Ndb5 a6 11.
Nxd6 Nd7 12. h4 f5 13. h5 gxh5 14. Rxh5 fxe4 15. Rdh1 Nf6 16. R5h2 Bf7 17. g4 Bg6 18.
f4 exf3 19. Bxf3 Ne8 20. Nxe8 Qxd2+ 21. Bxd2 Rxf3 22. Nxg7 Kxg7 23. Re1 Nc6 24.
Ne4 Re8 25. Nxc5 Rxe1+ 26. Bxe1 Rf1 27. Kd2 Nd4 28. Rf2 Nf3+ 29. Ke2 Rxe1+ 30. Kxf3 Rb1 31. c3 Ra1 32. a3 b6 33. Nxa6 Bd3 34. Nb4 Bc4 35. Rd2 Rf1+ 36. Ke3 Rg1 37. Kf4 Be6 38. g5 Kg6 39. Ke5 Bf7 40.
Kd6 Rxg5 41. Kc6 b5 42. Nd5 Be8+ 43. Kc5 h5 44.
Kb4 h4 45. Nf4+ Kf5 46. Nd3 Rg4+ 47. Ka5 Ra4+ 48. Kb6 h3 49.
Rh2 Kg4 50. Nf2+ Kg3 51. Rxh3+ Kxf2 52. Rh8 Bd7 53. Rf8+ Ke2 54. Rd8 Bf5 55. Rd5 Be4 56.
Rxb5 Kd2 57. Rb4 Rxb4+ 58. axb4 Kc2 59.
c4 Kb3 60. c5 Kxb4 61. c6 Bxc6 62. Kxc6 1/2-1/2

[Event "MCR rapid mládeže 2023 U16"]
[Site "Harachov, Czech Republic"]
[Date "2023.09.09"]
[Round "2.36"]
[White "Mauric, Jan"]
[Black "Zelenka, Tomas"]
[Result "1-0"]
[TimeControl "20min+5s/move"]
[WhiteElo "1260"]
[BlackElo "1457"]

1. d4 d5 2. Bf4 Nf6 3. Nf3 Bf5 4. e3 e6 5. c3 c5 6. Bd3 Bg6 7. Bxb8 Rxb8 8. Bb5+ Nd7 9. Ne5 f6 10.
Nxd7 a6 11. Nxb8+ axb5 12. Qb3 b4 13. Qa4+ Ke7 14. Nc6+ bxc6 15. Qxc6 Kf7 16. dxc5 bxc3 17. Nxc3 Qa5 18. O-O Bxc5 19.
Qb7+ Be7 20. a3 Rf8 21. b4 Qd8 22. a4 Kg8 23. a5 Qd6 24. b5 Qe5 25. Qxe7 Qxc3 26. Rfc1 Qb2 27. b6 Re8 28.
Qc7 Qb4 29. b7 Re7 30. b8=Q+ 1-0

[Event "MCR rapid mládeže 2023 U16"]
[Site "Harachov, Czech Republic"]
[Date "2023.09.09"]
[Round "2.37"]
[White "Najdkova, Laura"]
[Black "Topencikova, Ellen"]
[Result "1-0"]
[TimeControl "20min+5s/move"]
[WhiteElo "1331"]
[BlackElo "1038"]

1. e4 c6 2. d4 d5 3. exd5 cxd5 4.
Nc3 Bf5 5. Bf4 e6 6. Nf3 Bd6 7. Bg3 Nf6 8. Bb5+ Nc6 9. Bxd6 Qxd6 10. Ne5 Rc8 11. O-O O-O 12. Bxc6 bxc6 13. Qf3 Nd7 14. Rfe1 f6 15. Nxd7 Qxd7 16. Re2 e5 17. dxe5 Bg4 18.
e6 Bxe6 19. Qg3 Rfe8 20. Rae1 Qf7 21. Qf4 Rc7 22. Qd6 Rce7 23. Qxc6 Bd7 24. Qxd7 Rxd7 25. Rxe8+ Qxe8 26. Rxe8+ Kf7 27. Rb8 Re7 28. h3 Rd7 29.
Nb5 d4 30. Kf1 Rd5 31. Rb7+ Kg6 32. Rxa7 Rxb5 33. b3 Rc5 34. Rd7 Rxc2 35. Rxd4 Rxa2 36. b4 Rb2 37. g3 Kf5 38. Rd7 Kg6 39.
Rd4 Kf5 40. Kg2 Ke5 41. Rd7 Rxb4 42. Rxg7 h5 43. Rh7 Rb3 44. Rxh5+ Ke6 45. h4 Ra3 46. Rh6 Ke7 47. Rh5 Rb3 48.
Kh3 Rb4 49. f4 Rb3 50. Kg4 Rb8 51. Kf5 Rb5+ 52. Kg4 Rb8 53. f5 Rb4+ 54. Kf3 Rb3+ 55. Kg2 Rb2+ 56. Kh3 Rb4 57. Rh7+ Kd6 58. Rh6 Ke5 59. Rh5 Kd6 60.
Rh6 Ke5 61. g4 Rb3+ 62. Kg2 Rb2+ 63. Kf3 Rb3+ 64. Kg2 Rb2+ 65. Kf3 Rb3+ 66. Ke2 Ke4 67. Rxf6 Rb2+ 68. Kd1 Kd3 69. Rd6+ Kc3 70. g5 Rb1+ 71. Ke2 Rb5 72. f6 Re5+ 73.
Kf3 Rf5 74. Kg4 Re5 75. Kh5 Re8 76.
g6 Rh8+ 77. Kg5 1-0

[Event "MCR rapid mládeže 2023 U16"]
[Site "Harachov, Czech Republic"]
[Date "2023.09.09"]
[Round "2.42"]
[White "Martikanova, Amalie"]
[Black "Vanickova, Natalie"]
[Result "1-0"]
[TimeControl "20min+5s/move"]
[WhiteElo "1107"]
[BlackElo "1162"]

1. e4 d5 2. exd5 Nf6 3. Nc3 Nxd5 4. Bc4 e6 5. Nf3 Be7 6. Bxd5 exd5 7. d4 O-O 8. h3 Be6 9. O-O c5 10.
Bf4 Nc6 11. Re1 Bd6 12. Bg5 Qb6 13. dxc5 Bxc5 14. Re2 Qxb2 15. Na4 Qb4 16. c3 Qa3 17. Bc1 1-0

[Event "MCR rapid mládeže 2023 U16"]
[Site "Harachov, Czech Republic"]
[Date "2023.09.09"]
[Round "3.1"]
[White "Svadlenka, Dominik"]
[Black "Hrbek, Jachym"]
[Result "1-0"]
[TimeControl "20min+5s/move"]
[WhiteElo "1588"]
[BlackElo "1769"]

1. d4 d5 2. c4 e6 3. Nc3 c6 4. Nf3 Nf6 5. Bg5 Bb4 6. Qc2 Nbd7 7. cxd5 exd5 8. e3 h6 9. Bh4 O-O 10. Bd3 Re8 11. O-O Bxc3 12. bxc3 Qa5 13. c4 Ne4 14.
cxd5 cxd5 15. Rfc1 Ndf6 16. Rab1 Be6 17. Rb5 Qa3 18. Rb3 Qa5 19. Bxf6 Nxf6 20. Qb2 Rac8 21. Rxc8 Rxc8 22. Rxb7 Qc3 23. Qxc3 Rxc3 24. Rb8+ Bc8 25. Bf1 Nd7 26. Ra8 Rc7 27. h4 Nb6 28. Rb8 Rc1 29.
g3 Kh7 30. Kg2 Bh3+ 31. Kxh3 Rxf1 32. Kg2 Ra1 33. Ne5 f6 34. Nc6 Nc4 35. Nb4 Rb1 36. Kf3 a5 37. Nc6 Ra1 38. Rb5 Nd2+ 39. Ke2 Rxa2 40. Rxa5 Rb2 41. Rxd5 Ne4+ 42. Kf3 Nxf2 43.
Nb4 Rxb4 44. Kxf2 Rb2+ 45. Kf3 Kg6 46. Rd7 h5 47. e4 Rb3+ 48. Kf4 Rd3 49. d5 f5 50. exf5+ Kf6 51. Rd6+ Ke7 52. Re6+ Kf7 53. d6 Rd4+ 54.
Ke5 Rd1 55. Re7+ Kf8 56. Ke6 Re1+ 57. Kd7 Rc1 58. Kd8 Rb1 59. Rc7 Rd1 60. d7 Kf7 61. Rc5 Rd3 62. Kc7 Ke7 63. Re5 Kf6 64.
Re8 Rc3+ 65. Kb6 Rb3+ 66. Ka5 1-0

[Event "MCR rapid mládeže 2023 U16"]
[Site "Harachov, Czech Republic"]
[Date "2023.09.09"]
[Round "3.2"]
[White "Babula, Matej"]
[Black "Andrle, Filip"]
[Result "0-1"]
[TimeControl "20min+5s/move"]
[WhiteElo "1865"]
[BlackElo "1649"]

1. e4 c5 2. Nf3 Nc6 3. d4 cxd4 4.
Nxd4 Nf6 5. Nc3 d6 6. Bg5 e6 7. Qd2 Be7 8. O-O-O a6 9. f4 Qc7 10. Be2 Bd7 11. Bf3 Rc8 12.
Rhe1 O-O 13. Nxc6 Bxc6 14. e5 dxe5 15. fxe5 Rfd8 16. Qf2 Rxd1+ 17. Bxd1 Nd5 18. Bxe7 Nxe7 19. Bf3 Bxf3 20. gxf3 Nf5 21.
f4 b5 22. Rd1 Qc6 23. Qd2 g6 24. Qd3 Qc4 25. Ne4 Kg7 26. Qxc4 Rxc4 27. Nd6 Rxf4 28. Ne8+ Kh6 29. Nf6 Kg5 30.
Nxh7+ Kh4 31. Nf6 Kh3 32. Rd7 Kxh2 33. Rxf7 g5 34. Rf8 g4 35. Rh8+ Kg1 36. Rg8 Ne3 37. Kd2 Kf2 38. Nh5 0-1

[Event "MCR rapid mládeže 2023 U16"]
[Site "Harachov, Czech Republic"]
[Date "2023.09.09"]
[Round "3.3"]
[White "Vana, Jan"]
[Black "Juhanak, Daniel"]
[Result "0-1"]
[TimeControl "20min+5s/move"]
[WhiteElo "1681"]
[BlackElo "1878"]

1. e4 e6 2. d4 d5 3. e5 c5 4.
c3 Nc6 5. Nf3 Qb6 6. a3 Nh6 7.
b4 cxd4 8. cxd4 Nf5 9. Bb2 Be7 10. g4 Nh4 11. Nbd2 Ng6 12. Nb3 f6 13. Qd2 Rf8 14. Bd3 Bd7 15. O-O a6 16. Nc5 Qc7 17.
Nxd7 Qxd7 18. Rfe1 fxe5 19. Bxg6+ hxg6 20. Nxe5 Nxe5 21. Rxe5 Bd6 22. Rxe6+ Qxe6 23. Re1 Qxe1+ 24. Qxe1+ Kd7 25. Qe2 Rae8 26. Qd3 Re4 27. f3 Re6 28.
b5 Rfe8 29. bxa6 bxa6 30. Kf2 Bxh2 0-1

[Event "MCR rapid mládeže 2023 U16"]
[Site "Harachov, Czech Republic"]
[Date "2023.09.09"]
[Round "3.4"]
[White "Roubal, Matyas"]
[Black "Krajicek, Matej"]
[Result "1-0"]
[TimeControl "20min+5s/move"]
[WhiteElo "1911"]
[BlackElo "1565"]

1. e4 c6 2. Nc3 d5 3. Nf3 Bg4 4. h3 Bh5 5. exd5 cxd5 6. g4 Bg6 7. Bb5+ Nc6 8. Ne5 Qd6 9. d4 f6 10. Nxg6 hxg6 11. Qd3 O-O-O 12. Bxc6 Qxc6 13. Qxg6 e5 14.
Ne2 exd4 15. Qf5+ Kb8 16. Bf4+ Ka8 17. O-O-O Qa6 18. Nxd4 Qxa2 19. Ne6 Qa1+ 20. Kd2 Bb4+ 21. Ke3 Qa5 22.
Bc7 Bc5+ 23. Kf3 Bb6 24. Nxd8 Bxc7 25. Qc8+ Bb8 26. Qxb7# 1-0

[Event "MCR rapid mládeže 2023 U16"]
[Site "Harachov, Czech Republic"]
[Date "2023.09.09"]
[Round "3.5"]
[White "Martirosyan, David"]
[Black "Popov, Roman"]
[Result "1/2-1/2"]
[TimeControl "20min+5s/move"]
[WhiteElo "1861"]
[BlackElo "1751"]

1. c4 c6 2. d4 d5 3. cxd5 cxd5 4. Nf3 Nf6 5. Nc3 Nc6 6. Bf4 Bf5 7. e3 e6 8. Bd3 Bxd3 9. Qxd3 Bd6 10.
Bxd6 Qxd6 11. O-O O-O 12. h3 Rac8 13. Rac1 Na5 14. Ne5 Nc4 15. Nxc4 Rxc4 16. Ne2 Rfc8 17. Rxc4 Rxc4 18. Rc1 Qb4 19. Rxc4 dxc4 20. Qc3 Nd5 21.
Qxb4 Nxb4 22. Nc3 Kf8 23. Kf1 Ke7 24. Ke2 Nd3 25. b3 Nc1+ 26. Kd2 Nd3 27. bxc4 Nb2 28. c5 Nc4+ 29. Kd3 Na5 30.
d5 exd5 31. Nxd5+ Ke6 32. Kd4 Nc6+ 33. Kc4 Na5+ 34. Kd4 Nc6+ 35. Kc4 Na5+ 36. Kd4 Nc6+ 37. Ke4 Ke5+ 1/2-1/2